Map: Bel'Shir Vestige LE (Void)

Players

Raze - Winner!

  • Race: Terran Terran
  • Spawn Location: 11:00

HeltEn

  • Race: Terran Terran
  • Spawn Location: 5:00

Event: WCS Austin 2017

VOD

Have the link to the VOD?

Description

Time

  • Played on: April 28, 2017, 3:30 p.m.
  • Length: 6:44

All games in this series

Show
View Real Time Build Order
Export as new Build Order

Raze Terran - Winner!

Build Orders: 1/1/1 

Get SALT Encoding   

  12  0:00  SCV  
  13  0:13  SCV  
  14  0:18  Supply Depot  
  14  0:25  SCV  
  14  0:27  Refinery  
  15  0:39  SCV  
  16  0:44  Barracks  
  16  0:53  SCV  
  16  0:56  Refinery  
  17  1:05  SCV  
  18  1:18  SCV  
  19  1:31  Orbital Command  
  19  1:32  Reaper  
  20  1:35  Factory  
  20  1:44  Supply Depot  
  20  1:57  SCV  
  21  2:04  Reaper  
  22  2:09  SCV  
  23  2:19  Hellion  
  23  2:20  Starport  
  23  2:21  SCV  
  26  2:25  Supply Depot  
  26  2:33  SCV  
  27  2:37  Barracks Tech Lab  
  27  2:41  Hellion  
  29  2:45  SCV  
  30  3:00  SCV  
  30  3:01  Supply Depot  
  30  3:02  Cyclone  
  30  3:03  Raven  
  36  3:11  Barracks Reactor  
  36  3:13  SCV  
  37  3:25  SCV  
  38  3:34  Cyclone  
  38  3:37  SCV  
  38  3:39  Command Center  
  41  3:49  Viking, SCV  
  46  3:58  Supply Depot  
  46  4:00  Marine x2  
  46  4:01  SCV  
  47  4:07  Factory Tech Lab  
  47  4:19  Marine x2, SCV  
  50  4:25  Supply Depot, Siege Tank  
  53  4:31  SCV  
  48  4:47  SCV  
  48  4:48  Marine x2  
  48  4:49  Raven  
  53  4:57  Orbital Command  
  53  4:59  SCV  
  53  5:06  Marine x2  
  55  5:11  SCV  
  56  5:23  Siege Tank, SCV  
  60  5:29  SCV  
  60  5:35  SCV  
  62  5:38  Refinery  
  62  5:40  Engineering Bay  
  62  5:41  SCV  
  63  5:43  Barracks x2, Marine  
  63  5:45  Starport Reactor  
  63  5:47  SCV  
  65  5:51  Supply Depot  
  65  5:53  SCV  
  66  5:59  SCV  
  66  6:01  Siege Tank, Marine  
  71  6:05  SCV  
  67  6:11  SCV  
  67  6:18  SCV  
  63  6:24  SCV  
  62  6:30  SCV  
  62  6:38  Starport Reactor  
  63  6:40  Refinery  
Show
View Real Time Build Order
Export as new Build Order

HeltEn Terran 

Build Orders: 1/1/1, Cyclone Opening 

Get SALT Encoding   

  12  0:00  SCV  
  13  0:12  SCV  
  14  0:17  Supply Depot  
  14  0:24  SCV  
  15  0:30  Refinery  
  15  0:39  SCV  
  16  0:44  Barracks  
  16  0:51  SCV  
  16  0:54  Refinery  
  17  1:03  SCV  
  18  1:15  SCV  
  19  1:31  Orbital Command  
  19  1:33  Factory  
  19  1:37  Reaper  
  20  1:43  Supply Depot  
  20  1:56  SCV  
  21  2:08  SCV  
  21  2:09  Reaper  
  23  2:18  Starport  
  23  2:19  Hellion  
  23  2:22  SCV  
  26  2:28  Supply Depot  
  26  2:34  SCV  
  27  2:41  Cyclone  
  27  2:42  Barracks Tech Lab  
  30  2:46  SCV  
  31  3:00  SCV  
  32  3:07  Raven  
  32  3:08  Supply Depot  
  34  3:14  Barracks Reactor  
  34  3:16  SCV  
  34  3:28  SCV  
  34  3:30  Command Center  
  35  3:40  SCV  
  35  3:42  Factory Tech Lab  
  35  3:51  Marine x2  
  37  3:59  Raven  
  37  4:01  SCV  
  40  4:06  Supply Depot  
  40  4:08  Marine  
  40  4:09  Marine  
  42  4:13  SCV  
  42  4:15  Refinery  
  43  4:19  Siege Tank  
  46  4:26  SCV  
  47  4:31  Marine x2  
  49  4:40  SCV  
  46  4:49  Marine x2  
  46  4:52  Siege Tank, SCV  
  50  5:04  SCV  
  51  5:07  Marine x2  
  51  5:13  Orbital Command  
  52  5:16  SCV  
  53  5:24  Barracks  
  53  5:26  Barracks  
  53  5:33  Viking, Siege Tank  
  58  5:40  SCV  
  58  5:42  SCV  
  60  5:50  Viking  
  60  5:53  SCV  
  60  5:56  Marine  
  64  5:58  SCV  
  64  6:03  Supply Depot  
  63  6:15  SCV x2  
  51  6:18  Marine  
  51  6:19  Marine  
  49  6:27  SCV  
  49  6:28  SCV  
Tags
 
Add a new tag
Caveats
  • Supply blocks, unpowered buildings, or Contaminate may cause inaccurate times.
  • Supply counts are checked every 10 seconds.